 Dungeon Crawl Stone Soup version 0.30-a0-857-gcaf70739d4 (webtiles) character file.

Game seed: 14144872544360408474

0 Esekla the Sneak (level 1, 16/16 HPs)
             Began as an Octopode Delver on Mar 6, 2023.
             Quit the game on level 5 of the Dungeon.
             The game lasted 00:00:38 (55 turns).

Esekla the Sneak (Octopode Delver)                    Turns: 55, Time: 00:00:38

Health: 16/16      AC:  1    Str: 11    XL:     1   Next: 0%
Magic:  1/1        EV: 13    Int: 12    God:
Gold:   7          SH:  0    Dex: 13    Spells: 0/0 levels left

rFire   . . .      SeeInvis .    a - +0 falchion
rCold   . . .      Faith    .    (no shield)
rNeg    . . .      Spirit   .    (helmet restricted)
rPois   .          Reflect  .    (no amulet)
rElec   .          Rampage  .    (no ring)
rCorr   .                        (no ring)
Will    .....                    (no ring)
Stlth   ++++                     (no ring)
HPRegen 0.22/turn                (no ring)
MPRegen 0.07/turn                (no ring)
                                 (no ring)
                                 (no ring)

@: no status effects
A: almost no armour, amphibious, 8 rings, camouflage 1, gelatinous body 1,
(nimble swimmer 1), tentacles
a: no special abilities


You were on level 5 of the Dungeon.
You visited 1 branch of the dungeon, and saw 1 of its levels.

You collected 7 gold pieces.

Inventory:

Hand Weapons
 a - a +0 falchion (weapon)
Wands
 f - a wand of digging (2)
Scrolls
 b - a scroll of fog
 c - a scroll of enchant armour {unknown}
 d - a scroll of fear
Potions
 e - a potion of haste


   Skills:
 + Level 3.0 Fighting
 + Level 2.0 Long Blades
 + Level 2.0 Dodging
 + Level 6.6 Stealth


You couldn't memorise any spells.
You didn't know any spells.
Your spell library contained the following spells:

 Spells                   Type           Power      Damage    Failure   Level
 Beastly Appendage        Tmut           0%         N/A       32%         1
 Magic Dart               Conj           0%         1d3       32%         1
 Sting                    Tmut/Pois      0%         1d3       32%         1


Dungeon Overview and Level Annotations

Branches:
Dungeon (5/15)
 Temple: D:4-7

Altars:
Sif Muna


Innate Abilities, Weirdness & Mutations

You cannot wear most types of armour.
You are amphibious.
You can wear up to eight rings at the same time.
Your skin changes colour to match your surroundings (Stealth+).
Your rubbery body absorbs attacks. (AC +1, EV +1)
((You are camouflaged when in or above water. (Stealth+)))
You have tentacles for arms and can constrict up to eight enemies at once.


Message History

Welcome, Esekla the Octopode Delver.
The legendary Orb of Zot lies far below, as if waiting for you to find it.
Press ? for a list of commands and other information.
Found a stone staircase leading down.
Found 7 gold pieces.
As you read the scroll of magic mapping, it crumbles to dust.
You feel aware of your surroundings.
You sensed 1 altar.
You now have 7 gold pieces.
Okay, then.
You open the door.
Found four items.
Found a shimmering blue altar of Sif Muna.
There is an open door here.
c - a scroll labelled VECUHI VIOMPUAM
There is a shimmering blue altar of Sif Muna here.
Aiming: Dig
Press: ? - help, Shift-Dir - straight line The rock shatters into small pieces.
You pick up Sif Muna's Tome of Contamination and begin reading...
You add the spell Sting to your library.
You pick up Sif Muna's Almanac of Transformation and begin reading...
You add the spell Beastly Appendage to your library.
You pick up Sif Muna's Handbook of Conjuring and begin reading...
You add the spell Magic Dart to your library.
There is a shimmering blue altar of Sif Muna here.
There is an open door here.
Are you sure you want to abandon this character and quit the game? (Confirm with "yes".)

#.#...##### *, ##.##.## **
##...#.# #......# #....### *##
#.#.##### ##.##### *********
###.#.....###.##...###*,,<,,,,,
#..............#...#.#*********
#.#######.###.@'._...# #.* #.#
##.#...#.#**** *** #,* #.#
###...###*,,* *,, *,**
#.#****#####****,* *,*
*,,*****#.#*,,,>,,,*,,,*,** *,*
**,,,,,,,#.#*,,,,,,,,,,,,*,***,,
**,,,*,*,,..#*,,,*,,,,,,,,**,,,,*
*,*,,,,,,*,,,,,,***,,,,,,,*,***,*
**,,*,,*,,,,**,,,*,,,*,,,*,** *,*


There were no monsters in sight!

Vanquished Creatures (others)
  3 plants (D:5)
3 creatures vanquished.

Notes
Turn   | Place    | Note
-------+----------+-------------------------------------------
     0 | D:5      | Esekla the Octopode Delver began the quest for the Orb.
     0 | D:5      | Reached XP level 1. HP: 16/16 MP: 1/1
    33 | D:5      | Found a shimmering blue altar of Sif Muna.
    43 | D:5      | Got Sif Muna's Tome of Contamination
    45 | D:5      | Got Sif Muna's Almanac of Transformation
    47 | D:5      | Got Sif Muna's Handbook of Conjuring
    55 | D:5      | Quit the game

Illustrated notes

Levels and vault maps discovered:
D:5:      kennysheep_kobold_camp, layout_loops_ring,
          nicolae_sif_muna_little_library

Action                     || total
---------------------------++-------
  Evoke: Wand              ||     1
    Use: Scroll            ||     1

Table legend: (Time is in decaauts)
 A = Elapsed time spent in this place.
 B = Non-inter-level travel time spent in this place.
 C = Inter-level travel time spent in this place.
 D = Time resting spent in this place.
 E = Time spent auto-exploring this place.
 F = Levels seen in this place.
 G = Mean time per level.
                   A        B        C        D        E       F      G
               +--------+--------+--------+--------+--------+-----+--------+
         Total |     55 |     55 |      0 |      0 |      0 |   1 |   55.0 |
       Dungeon |     55 |     55 |      0 |      0 |      0 |   1 |   55.0 |
               +--------+--------+--------+--------+--------+-----+--------+

Top non-repeatable levels by time:
     D:5: 55 daAuts
